Map: Bastion of the Conclave

Players

azndragonz

  • Race: Protoss Protoss
  • Spawn Location: 6:00

Hammy

  • Race: Protoss Protoss
  • League: Platinum
  • Spawn Location: 6:00

JPEatsAss

  • Race: Terran Terran
  • Spawn Location: 6:00

Mana - Winner!

  • Race: Zerg Zerg
  • Spawn Location: 0:00

Jasko - Winner!

  • Race: Terran Terran
  • Spawn Location: 12:00

Metasapien - Winner!

  • Race: Zerg Zerg
  • League: Platinum
  • Spawn Location: 12:00

VOD

Have the link to the VOD?

Description

Time

  • Played on: Sept. 24, 2017, 1:33 a.m.
  • Length: 17:57
Show
View Real Time Build Order
Export as new Build Order

azndragonz Protoss 

Build Orders: Dark Templar Rush 

Get SALT Encoding   

  12  0:02  Probe (Chrono Boost)  
  13  0:13  Probe (Chrono Boost)  
  14  0:23  Pylon  
  14  0:25  Probe (Chrono Boost)  
  15  0:46  Gateway  
  15  0:52  Assimilator  
  15  0:55  Probe (Chrono Boost)  
  16  1:05  Probe (Chrono Boost)  
  17  1:13  Pylon  
  17  1:16  Probe (Chrono Boost)  
  18  1:26  Probe (Chrono Boost)  
  19  1:37  Probe (Chrono Boost)  
  19  1:38  Cybernetics Core  
  20  1:42  Assimilator  
  20  1:47  Probe (Chrono Boost)  
  21  1:58  Probe (Chrono Boost)  
  23  2:08  Probe (Chrono Boost)  
  23  2:13  Warp Gate (Chrono Boost)  
  23  2:19  Probe (Chrono Boost)  
  23  2:22  Forge  
  24  2:24  Twilight Council  
  24  2:31  Probe (Chrono Boost)  
  24  2:36  Pylon  
  25  2:41  Probe  
  26  2:50  Robotics Facility  
  26  2:53  Probe  
  26  2:55  Gateway  
  26  2:56  Gateway  
  27  3:06  Dark Shrine  
  27  3:16  Photon Cannon  
  27  3:27  Pylon  
  28  3:41  Observer (Chrono Boost)  
  30  4:04  Warp Prism (Chrono Boost)  
  30  4:19  Dark Templar x2  
  34  4:25  Dark Templar  
  36  4:47  Nexus  
  36  4:57  Zealot  
  36  4:58  Zealot x2  
  42  5:21  Dark Templar  
  42  5:22  Dark Templar  
  44  5:48  Dark Templar  
  46  6:10  Dark Templar  
  44  6:11  Zealot  
  40  6:41  Probe  
  40  6:45  Probe  
  42  6:47  Blink (Chrono Boost)  
  42  6:51  Probe  
  43  6:57  Probe  
  43  6:58  Gateway  
  43  7:00  Gateway  
  44  7:02  Probe  
  45  7:13  Probe  
  46  7:16  Dark Templar x2  
  46  7:18  Zealot  
  52  7:23  Probe  
  47  7:41  Immortal (Chrono Boost)  
  51  7:48  Assimilator  
  51  7:50  Probe  
  51  7:51  Assimilator  
  51  7:55  Pylon  
  51  7:57  Pylon  
  52  8:01  Probe  
  52  8:03  Protoss Ground Weapons Level 1 (Chrono Boost)  
  52  8:05  Pylon  
  53  8:06  Pylon  
  53  8:07  Pylon  
  53  8:29  Zealot x5  
  63  8:44  Charge (Chrono Boost)  
  63  8:46  Immortal (Chrono Boost)  
  67  8:51  Zealot x3  
  67  8:52  Zealot x2  
  77  9:06  Probe  
  78  9:17  Probe, Zealot x3  
  78  9:18  Zealot x2  
  93  9:25  Immortal (Chrono Boost)  
  93  9:40  Stalker x2  
  93  9:41  Stalker  
  93  9:42  Stalker  
  101  9:52  Pylon  
  101  9:54  Pylon  
  101  9:55  Pylon  
  59  10:46  Protoss Ground Weapons Level 2  
  59  10:59  Stalker  
  59  11:00  Stalker x4  
  59  11:03  Immortal (Chrono Boost)  
  63  11:58  Stalker x2  
  63  11:59  Stalker x3  
  73  12:02  Immortal (Chrono Boost)  
  77  12:11  Gateway  
  77  12:12  Gateway  
  77  12:13  Gateway  
  73  12:15  Gateway  
  73  12:20  Pylon  
  73  12:22  Pylon, Stalker x2  
  75  12:23  Stalker x3  
  73  12:48  Stalker x4  
  73  12:49  Stalker  
  67  13:12  Stalker x2  
  69  13:13  Stalker x3  
  69  13:18  Stalker x3  
  65  13:49  Templar Archives  
  65  13:51  Warp Prism (Chrono Boost)  
  57  14:30  High Templar  
  57  14:31  High Templar x4  
  63  14:32  High Templar x4  
  63  14:33  Psionic Storm  
  67  15:08  Archon x2  
  67  15:09  Archon x2  
  67  15:14  Zealot x3  
  67  15:15  Zealot x2  
  67  15:19  Zealot  
  67  15:20  Zealot x3  
  47  16:07  Stalker x2  
  47  16:08  Stalker x3  
  57  16:16  Dark Templar x2  
Show
View Real Time Build Order
Export as new Build Order

Hammy Protoss 

Build Orders: Cannon Rush 

Get SALT Encoding   

  12  0:01  Probe (Chrono Boost)  
  13  0:11  Probe (Chrono Boost)  
  14  0:22  Pylon  
  14  0:23  Probe (Chrono Boost)  
  15  0:41  Forge  
  15  0:49  Probe (Chrono Boost)  
  16  0:55  Gateway  
  16  1:05  Pylon  
  16  1:18  Photon Cannon  
  16  1:24  Photon Cannon  
  16  1:34  Photon Cannon  
  16  1:37  Probe (Chrono Boost)  
  17  1:48  Probe (Chrono Boost)  
  18  2:05  Pylon  
  18  2:13  Nexus  
  18  2:26  Photon Cannon  
  18  2:30  Probe (Chrono Boost)  
  19  2:38  Photon Cannon  
  19  2:41  Probe (Chrono Boost)  
  20  2:52  Cybernetics Core  
  20  2:58  Probe (Chrono Boost)  
  21  3:03  Zealot (Chrono Boost)  
  23  3:08  Probe  
  23  3:11  Assimilator  
  24  3:16  Assimilator  
  24  3:20  Pylon  
  24  3:23  Probe  
  24  3:24  Probe  
  28  3:34  Zealot (Chrono Boost)  
  28  3:37  Probe  
  29  3:49  Photon Cannon  
  29  3:56  Photon Cannon  
  29  4:07  Photon Cannon  
  29  4:11  Probe  
  29  4:13  Probe  
  31  4:25  Assimilator  
  31  4:27  Assimilator  
  31  4:28  Probe  
  32  4:34  Pylon  
  32  4:38  Warp Gate (Chrono Boost)  
  32  4:46  Photon Cannon  
  32  4:52  Mothership Core, Pylon  
  28  5:20  Pylon  
  28  5:28  Photon Cannon  
  28  5:39  Pylon  
  29  5:42  Probe  
  29  5:43  Probe  
  29  5:49  Robotics Facility  
  30  5:51  Robotics Facility  
  30  6:02  Photon Cannon  
  30  6:04  Probe x2  
  32  6:32  Probe x2  
  34  6:39  Robotics Bay  
  34  6:42  Immortal (Chrono Boost)  
  34  6:44  Probe x2  
  40  7:02  Immortal (Chrono Boost)  
  40  7:05  Probe  
  40  7:06  Probe  
  46  7:13  Pylon  
  46  7:18  Probe x2  
  48  7:26  Extended Thermal Lance (Chrono Boost)  
  48  7:30  Probe  
  48  7:31  Colossus  
  55  7:41  Immortal  
  59  7:59  Nexus  
  59  8:00  Probe  
  59  8:02  Probe  
  62  8:12  Probe  
  62  8:14  Probe  
  63  8:25  Probe  
  63  8:27  Probe, Stalker  
  67  8:34  Colossus (Chrono Boost)  
  67  8:37  Probe  
  67  8:39  Probe  
  75  8:49  Probe, Gateway  
  75  8:51  Probe, Gateway  
  77  9:00  Stalker  
  79  9:08  Probe x2  
  81  9:13  Assimilator  
  81  9:15  Probe, Assimilator  
  82  9:20  Probe  
  82  9:21  Probe  
  84  9:26  Probe  
  85  9:32  Probe, Stalker  
  85  9:33  Probe  
  83  10:29  Colossus (Chrono Boost), Immortal (Chrono Boost)  
  83  11:02  Probe  
  83  11:03  Probe, Immortal (Chrono Boost)  
  83  11:04  Probe  
  90  11:16  Probe x2, Immortal (Chrono Boost)  
  92  11:37  Colossus (Chrono Boost), Robotics Facility  
  92  11:39  Robotics Facility  
  92  11:42  Robotics Facility  
  92  11:45  Pylon  
  92  11:46  Pylon  
  92  11:49  Pylon  
  92  11:50  Pylon, Immortal (Chrono Boost)  
  90  12:24  Colossus x2 (Chrono Boost)  
  102  12:32  Stalker x3  
  86  13:11  Immortal (Chrono Boost)  
  78  13:15  Colossus (Chrono Boost)  
  78  13:17  Stalker  
  78  13:18  Stalker  
  94  13:23  Colossus (Chrono Boost)  
  94  13:32  Pylon  
  94  13:33  Stalker  
  96  13:40  Gateway  
  96  13:48  Gateway  
  96  13:51  Gateway, Stalker x2  
  96  14:21  Stalker x2  
  96  14:22  Stalker  
  66  14:39  Immortal x2 (Chrono Boost)  
  77  14:49  Zealot x2  
  77  14:50  Immortal x2 (Chrono Boost)  
  81  14:54  Gateway  
  81  14:56  Gateway  
  81  14:58  Gateway  
  79  15:01  Gateway  
  79  15:06  Gateway  
  81  15:08  Gateway  
  81  15:09  Stalker x2  
  81  15:10  Stalker x3  
  81  15:11  Immortal (Chrono Boost)  
  81  15:13  Immortal (Chrono Boost)  
  99  15:14  Immortal (Chrono Boost)  
  97  15:33  Zealot  
  97  15:34  Zealot x3  
  97  15:35  Zealot  
  75  15:52  Immortal x3 (Chrono Boost)  
  59  16:17  Zealot x5  
  63  16:44  Zealot x5  
Show
View Real Time Build Order
Export as new Build Order

JPEatsAss Terran 

Build Orders: Mech 

Get SALT Encoding   

  12  0:01  SCV  
  13  0:15  Supply Depot  
  13  0:18  SCV  
  14  0:30  SCV  
  15  0:38  Barracks  
  15  0:42  SCV  
  16  0:57  SCV  
  17  1:02  Barracks  
  17  1:30  Command Center  
  17  1:34  SCV  
  18  1:40  Supply Depot  
  18  1:55  SCV  
  19  2:02  Supply Depot  
  19  2:03  Marine x2  
  21  2:10  Barracks  
  21  2:21  SCV  
  22  2:27  Marine  
  22  2:28  Marine  
  24  2:33  SCV  
  25  2:45  Marine  
  25  2:46  Marine  
  25  2:47  SCV  
  25  2:48  SCV  
  29  2:51  Refinery  
  29  2:53  Refinery  
  29  2:59  SCV  
  29  3:00  SCV  
  31  3:07  Marine x2  
  31  3:08  Marine  
  34  3:19  SCV x2  
  36  3:25  Marine x3  
  39  3:31  SCV x2  
  41  3:43  Marine x3  
  41  3:47  SCV  
  41  3:48  Barracks  
  45  3:56  Supply Depot  
  45  3:58  SCV  
  45  3:59  SCV  
  45  4:01  Marine x2  
  49  4:08  Marine  
  50  4:16  Refinery  
  50  4:18  Marine  
  50  4:19  Marine  
  50  4:21  Factory  
  50  4:24  SCV  
  53  4:25  SCV  
  53  4:26  Marine  
  55  4:36  SCV  
  56  4:50  Factory  
  56  4:52  Refinery  
  49  5:27  Marine x2  
  49  5:28  Marine x2  
  45  5:45  Marine x3  
  45  5:46  Marine  
  38  5:51  Factory Tech Lab  
  38  5:52  Factory Tech Lab  
  37  6:03  Marine x4  
  41  6:10  Factory  
  41  6:30  SCV  
  41  6:31  SCV  
  43  6:37  Marine  
  43  6:38  Marine x3  
  47  6:42  Siege Tank, SCV  
  47  6:43  SCV  
  51  6:55  Marine  
  45  7:09  Siege Tank  
  45  7:13  Factory Reactor, Command Center  
  48  7:20  Factory  
  48  7:31  Infernal Pre-Igniter  
  48  7:35  Barracks Tech Lab x4  
  48  7:50  SCV x2  
  50  7:59  Marauder x2  
  50  8:00  Marauder x2  
  50  8:01  Concussive Shells  
  50  8:02  SCV x2  
  50  8:03  Stimpack  
  60  8:10  Factory Tech Lab  
  60  8:20  SCV x2  
  66  8:27  Marauder x4  
  66  8:31  SCV  
  66  8:32  Refinery, SCV x2  
  73  8:43  Hellion x2  
  77  8:54  Armory  
  77  8:56  Refinery  
  77  9:53  Marauder, SCV  
  77  9:55  SCV  
  77  9:56  SCV  
  77  9:57  Marauder  
  76  10:06  SCV  
  77  10:12  SCV  
  77  10:13  SCV, Cyclone  
  77  10:14  Marauder  
  77  10:15  Hellion, Marauder  
  77  10:16  Marauder  
  77  10:17  Hellion x2, Cyclone  
  76  10:27  Marauder  
  77  10:39  Supply Depot  
  77  10:41  Supply Depot  
  77  10:46  Supply Depot  
  77  10:56  Marauder  
  77  10:58  Marauder  
  77  11:01  Hellbat, Cyclone x2  
  77  11:02  Supply Depot  
  77  11:03  Marauder, Cyclone x2  
  93  11:08  Marauder  
  95  11:18  Marauder  
  97  11:19  Marauder  
  97  11:22  Hellbat  
  101  11:26  Marauder  
  101  11:29  Marauder  
  103  11:33  Cyclone  
  103  11:35  Hellbat  
  108  11:50  Cyclone  
  109  11:56  Terran Vehicle Weapons Level 1, Marauder  
  109  11:58  Marauder  
  109  11:59  Marauder x2  
  109  12:00  SCV x2  
  109  12:03  SCV  
  109  12:05  Cyclone  
  109  12:06  Thor  
  109  12:11  Thor  
  109  12:12  Supply Depot x2  
  104  12:20  Marauder  
  97  12:37  Thor  
  90  12:53  Thor x2  
  86  13:19  Thor  
  84  13:31  Marine x4  
  79  13:36  Thor x2  
  87  13:51  Terran Vehicle And Ship Armor Level 1  
  87  13:56  Command Center  
  87  14:02  Thor  
  89  14:59  Thor  
  11  17:30  Starport  
  11  17:33  SCV  
  11  17:34  Starport  
  11  17:37  SCV  
  13  17:41  Refinery  
  13  17:42  Refinery  
  13  17:49  Refinery  
  15  17:51  Refinery  
Show
View Real Time Build Order
Export as new Build Order

Mana Zerg - Winner!

Build Orders: Hatch First 

Get SALT Encoding   

  12  0:02  Drone  
  13  0:08  Drone  
  14  0:17  Extractor  
  14  0:18  Overlord  
  13  0:23  Drone  
  14  0:36  Drone x2  
  16  0:46  Drone  
  17  0:56  Drone  
  18  1:05  Hatchery  
  18  1:08  Drone  
  18  1:21  Spawning Pool  
  18  1:24  Drone  
  18  1:32  Overlord  
  18  1:40  Drone  
  18  1:43  Extractor  
  18  1:50  Drone  
  19  2:01  Drone  
  19  2:08  Queen  
  22  2:11  Drone  
  23  2:17  Metabolic Boost  
  23  2:19  Zergling x2  
  24  2:23  Zergling x2  
  24  2:28  Queen  
  27  2:30  Drone  
  27  2:36  Drone  
  29  2:42  Drone  
  30  2:45  Drone  
  31  2:54  Lair  
  31  2:55  Zergling x4  
  33  3:01  Drone, Evolution Chamber  
  33  3:05  Zergling x2  
  34  3:15  Zergling x2  
  34  3:17  Drone  
  36  3:26  Overlord  
  36  3:27  Overlord, Baneling Nest  
  36  3:33  Roach Warren  
  34  3:39  Zergling x4  
  36  3:44  Overlord  
  36  3:50  Drone x2  
  36  3:52  Drone  
  39  3:56  Drone  
  39  4:01  Drone  
  41  4:12  Zergling x2  
  41  4:13  Zergling x6  
  45  4:17  Roach  
  45  4:20  Baneling x3  
  45  4:22  Zergling x2  
  48  4:25  Zergling x2  
  48  4:29  Zergling x2  
  48  4:30  Zergling x4  
  52  4:32  Zergling x2  
  52  4:33  Zergling x4  
  55  4:42  Zergling x4  
  57  4:51  Zergling x4  
  53  4:58  Zergling x2  
  52  5:01  Zergling x2  
  52  5:02  Zergling x8  
  52  5:06  Zergling x2  
  56  5:11  Zergling x2  
  53  5:16  Zergling x2  
  53  5:20  Roach  
  45  5:29  Baneling, Roach  
  45  5:30  Baneling  
  45  5:34  Zergling x2  
  47  5:39  Zergling x2  
  45  5:43  Zergling x2  
  45  5:47  Zergling x2  
  44  5:55  Drone  
  44  5:56  Drone x2  
  46  5:59  Drone  
  46  6:00  Drone  
  45  6:13  Spine Crawler  
  45  6:15  Drone x2  
  46  6:22  Roach Warren  
  46  6:27  Spore Crawler  
  46  6:31  Overseer  
  46  6:32  Overlord x2  
  45  6:34  Roach x2  
  49  6:42  Drone x4  
  49  6:45  Spore Crawler  
  52  6:48  Hydralisk Den, Drone  
  52  6:50  Zerg Ground Armor Level 1  
  52  6:55  Evolution Chamber  
  51  7:03  Roach x2  
  51  7:08  Overlord x2, Roach x2  
  59  7:10  Drone  
  59  7:15  Drone, Extractor  
  59  7:16  Extractor  
  59  7:18  Drone  
  60  7:27  Drone  
  61  7:34  Roach  
  61  7:35  Ravager  
  61  7:36  Ravager x4  
  68  7:38  Zergling x2  
  68  7:41  Drone  
  70  7:55  Drone x2  
  70  7:58  Drone x3  
  74  7:59  Drone x3  
  78  8:08  Drone  
  79  8:14  Drone  
  80  8:39  Hatchery  
  80  8:40  Nydus Network  
  78  8:48  Spore Crawler, Infestation Pit  
  77  8:51  Spore Crawler  
  77  8:55  Roach x6  
  87  9:10  Drone x2  
  89  9:21  Spire  
  88  9:25  Spire  
  88  9:27  Spine Crawler  
  86  9:34  Hive  
  86  9:39  Overlord x2  
  86  9:40  Overlord x2  
  86  9:43  Roach x2  
  90  9:46  Overlord x2  
  90  10:08  Zergling x4  
  90  10:09  Zergling x10  
  89  10:28  Zergling x10  
  82  10:35  Zergling x4  
  63  10:36  Zergling x2  
  60  10:53  Centrifical Hooks  
  59  10:58  Mutalisk x6  
  68  11:09  Zergling x2  
  68  11:10  Zergling x10  
  69  11:14  Roach  
  69  11:15  Roach x2  
  69  11:18  Queen  
  72  11:23  Mutalisk  
  72  11:24  Mutalisk  
  78  11:32  Overlord x3  
  77  11:34  Zerg Flyer Weapons Level 1  
  75  11:45  Zergling x2  
  75  11:46  Zergling x6  
  69  11:49  Zergling x2  
  69  11:53  Zergling x14  
  74  12:00  Viper  
  77  12:03  Ravager x2  
  78  12:13  Mutalisk  
  78  12:14  Roach  
  80  12:22  Zergling x8  
  84  12:23  Zergling x2  
  84  12:24  Zergling x2  
  84  12:27  Zergling x2  
  84  12:28  Zergling x4  
  83  12:33  Zergling x2  
  83  12:34  Zergling x8  
  82  12:42  Mutalisk x3  
  86  13:05  Zergling x2  
  83  13:06  Zergling x10  
  79  13:26  Zergling x12  
  79  13:27  Zergling x2  
  75  13:35  Zergling x2  
  75  13:36  Zergling x2  
  78  13:48  Drone  
  78  13:49  Drone x2  
  78  13:50  Drone  
  78  13:54  Zergling x2  
  81  13:59  Roach  
  81  14:00  Roach  
  80  14:12  Roach x3  
  71  14:34  Roach  
  71  14:35  Roach x8  
  89  14:42  Roach x3  
  89  14:43  Roach  
  96  15:10  Zergling x4  
  96  15:12  Overlord  
  96  15:13  Overlord x6  
  95  15:42  Zergling x2  
  96  15:43  Zergling x12  
  95  15:50  Zergling x2  
  95  15:51  Zergling x2  
  93  15:58  Zergling x2  
  93  15:59  Zergling x4  
  93  16:01  Zerg Missile Weapons Level 1  
  96  16:07  Zergling x2  
  91  16:11  Ravager  
  91  16:12  Ravager x4  
  91  16:14  Roach  
  91  16:15  Roach  
  100  16:24  Zergling x2  
  100  16:25  Zergling x4  
  101  16:36  Zergling x2  
  101  16:37  Zergling x4  
  103  16:41  Zergling x2  
  103  16:42  Zergling x4  
  104  16:54  Zergling x2  
  104  16:55  Zergling x4  
  105  17:06  Zergling x2  
  105  17:07  Zergling x4  
  108  17:12  Roach  
  108  17:13  Roach x6  
  121  17:32  Roach  
  121  17:33  Roach x5  
  133  17:41  Nydus Canal  
Show
View Real Time Build Order
Export as new Build Order

Jasko Terran - Winner!

Build Orders:  

Get SALT Encoding   

  12  0:01  SCV  
  13  0:14  SCV  
  14  0:23  Supply Depot  
  14  0:26  SCV  
  15  0:33  Refinery  
  15  0:45  SCV  
  16  0:50  Barracks  
  16  1:18  Command Center  
  16  1:28  SCV  
  17  1:38  Barracks  
  17  1:40  Marine  
  17  1:43  SCV  
  19  1:58  Marine  
  19  1:59  SCV  
  21  2:06  Supply Depot  
  21  2:14  Orbital Command  
  21  2:20  Marine  
  22  2:27  Marine  
  23  2:33  Supply Depot  
  23  2:39  Marine  
  24  2:44  SCV x2  
  27  2:53  Barracks Reactor  
  26  2:59  SCV x2  
  28  3:11  Barracks Tech Lab, SCV x2  
  30  3:23  Factory  
  30  3:24  SCV  
  30  3:26  Refinery, SCV  
  32  3:30  Refinery  
  32  3:32  Marauder, Marine x2  
  36  3:36  SCV  
  36  3:39  SCV  
  38  3:48  SCV  
  38  3:51  SCV  
  40  4:00  SCV  
  41  4:03  SCV, Marine x2  
  41  4:04  Marine  
  45  4:12  Factory Tech Lab, SCV  
  45  4:15  SCV  
  47  4:19  Supply Depot  
  47  4:21  Marine  
  47  4:22  Barracks  
  48  4:24  SCV  
  48  4:26  Refinery  
  48  4:27  SCV  
  50  4:31  Engineering Bay  
  50  4:34  Siege Tank  
  50  4:37  SCV  
  54  4:41  Supply Depot, SCV, Marine x2  
  57  4:49  SCV  
  56  5:04  Supply Depot  
  53  5:17  Siege Tank, Marine  
  53  5:18  Marine x2  
  53  5:19  Barracks Reactor  
  55  5:22  Starport  
  55  5:23  Terran Infantry Weapons Level 1  
  34  5:36  Marine  
  34  5:46  Missile Turret  
  34  5:54  Missile Turret  
  31  6:32  SCV x2  
  32  6:38  Marine  
  32  6:39  Marine x4  
  37  6:40  Siege Tank  
  37  6:44  SCV x2  
  42  6:51  Starport Reactor  
  42  6:56  SCV x2  
  44  7:02  Marine x3  
  44  7:03  Marine  
  44  7:04  Marine  
  49  7:08  SCV x2  
  51  7:20  Missile Turret, SCV  
  51  7:21  SCV  
  53  7:32  Siege Tank, SCV  
  53  7:33  SCV  
  58  7:45  SCV x2  
  60  7:53  Medivac x2  
  60  7:57  SCV  
  66  8:02  Orbital Command  
  65  8:09  SCV  
  65  8:10  Siege Tank  
  65  8:11  Marine x2  
  65  8:12  Marine x3  
  74  8:21  SCV  
  75  8:28  Terran Infantry Armor Level 1  
  75  8:29  Marine x2  
  75  8:30  Marine  
  78  8:40  Factory  
  78  8:43  SCV  
  78  8:44  Supply Depot x2  
  78  8:46  Supply Depot  
  79  8:49  Marine x3  
  79  8:50  SCV  
  79  8:54  Supply Depot  
  79  8:55  SCV  
  84  9:02  SCV, Marine  
  85  9:07  SCV, Marine  
  88  9:14  SCV  
  89  9:18  Marine x3  
  89  9:19  SCV  
  89  9:20  Marine  
  94  9:24  Marine  
  94  9:26  Factory Tech Lab  
  94  9:27  SCV  
  96  9:31  SCV  
  97  9:39  Siege Tank  
  97  9:41  Marine  
  97  9:42  Marine x4  
  97  9:44  Medivac  
  97  9:45  Siege Tank  
  110  9:59  Marine x2  
  111  10:00  Marine  
  113  10:11  Siege Tank  
  109  10:26  Marine x2  
  109  10:27  Marine x3  
  72  10:44  Marine x3  
  72  10:45  Marine x2  
  74  10:52  Siege Tank x2  
  74  10:53  Medivac x2  
  76  11:02  Marine x5  
  78  11:20  SCV, Marine x5  
  78  11:24  Siege Tank x2  
  84  11:32  Armory  
  83  11:37  Marine  
  83  11:38  Marine  
  81  11:41  Marine x3  
  84  11:55  Marine x2  
  84  11:56  Siege Tank  
  84  11:59  Marine x3  
  89  12:05  Stimpack  
  82  12:13  Marine x2  
  84  12:16  Marine  
  84  12:17  Marine  
  84  12:20  Barracks  
  84  12:21  Siege Tank  
  84  12:22  Medivac x2  
  93  12:37  Siege Tank  
  93  12:38  Marine x3  
  93  12:39  Marine x2  
  101  12:54  Siege Tank  
  101  12:56  Marine  
  105  12:59  Marine x4  
  105  13:10  Siege Tank  
  104  13:14  Marine  
  104  13:17  Marine x4  
  103  13:30  Siege Tank  
  103  13:31  Medivac  
  103  13:32  Marine  
  106  13:34  Marine x2  
  106  13:35  Marine x2  
  107  13:42  Siege Tank  
  107  13:44  Barracks Reactor  
  110  13:49  Marine  
  110  13:52  Marine x3  
  110  13:53  Marine  
  115  14:06  Combat Shields  
  115  14:07  Marine  
  116  14:10  Marine x4  
  109  14:42  Marine x2  
  109  14:43  Marine x5  
  109  14:44  Siege Tank x2  
  109  14:45  Medivac  
  124  15:00  Marine x2  
  120  15:08  Marine  
  120  15:09  Marine x4  
  125  15:16  Siege Tank x2  
  125  15:18  Marine x2  
  133  15:26  Marine  
  108  15:58  Marine x6  
  110  16:21  Marine  
  99  17:07  Marine  
  99  17:08  Marine x3  
  103  17:17  Orbital Command  
Show
View Real Time Build Order
Export as new Build Order

Metasapien Zerg - Winner!

Build Orders: Hatch First 

Get SALT Encoding   

  12  0:29  Hatchery  
  11  0:39  Overlord  
  11  0:41  Drone  
  12  0:47  Drone  
  13  0:53  Extractor  
  13  0:54  Drone  
  13  1:06  Drone  
  14  1:13  Drone  
  15  1:25  Drone, Spawning Pool  
  15  1:34  Drone  
  16  1:40  Drone  
  17  1:56  Drone  
  17  1:59  Overlord  
  17  2:00  Drone  
  19  2:10  Drone  
  19  2:12  Queen  
  19  2:14  Drone  
  23  2:17  Drone  
  24  2:23  Drone  
  24  2:27  Drone  
  26  2:40  Overlord  
  26  2:43  Queen  
  28  2:46  Metabolic Boost  
  28  2:50  Drone, Extractor  
  28  2:55  Drone x2  
  30  3:01  Drone  
  31  3:10  Overlord  
  31  3:17  Drone x2  
  31  3:18  Roach Warren  
  32  3:26  Drone  
  32  3:27  Drone x3  
  35  3:32  Extractor  
  35  3:34  Overlord  
  35  3:47  Drone x3  
  38  3:50  Drone x2  
  40  3:55  Extractor  
  40  3:59  Roach x3  
  40  4:01  Zergling x2  
  46  4:03  Zergling x2  
  46  4:05  Zergling x2  
  48  4:13  Drone  
  49  4:24  Lair  
  49  4:28  Roach  
  49  4:29  Roach x2  
  49  4:30  Zergling x6  
  58  4:32  Drone  
  59  4:47  Drone  
  59  4:48  Drone, Hatchery  
  58  5:00  Overlord x2  
  58  5:05  Drone x2  
  60  5:09  Spine Crawler  
  60  5:10  Drone  
  60  5:11  Spine Crawler  
  60  5:12  Overlord  
  53  5:24  Ravager x4  
  53  5:25  Ravager  
  58  5:31  Roach x4  
  58  5:32  Zergling x4  
  53  5:48  Overseer  
  34  5:58  Queen  
  34  5:59  Queen  
  36  6:06  Drone  
  36  6:07  Drone x2  
  39  6:15  Spore Crawler  
  39  6:17  Drone  
  39  6:22  Drone  
  40  6:34  Queen  
  42  6:43  Roach  
  42  6:44  Roach x2  
  48  6:54  Hydralisk Den, Glial Reconstitution  
  48  7:00  Drone x3  
  50  7:03  Drone x5  
  50  7:06  Drone x2  
  57  7:10  Drone  
  57  7:13  Spore Crawler  
  53  7:37  Hydralisk x2  
  53  7:42  Zergling x8  
  53  7:43  Zergling x8  
  65  7:48  Drone  
  66  8:05  Zergling x2  
  67  8:06  Zergling x4  
  67  8:07  Overlord x2  
  67  8:08  Overlord  
  69  8:15  Drone  
  69  8:17  Drone x3  
  73  8:29  Drone x2  
  75  8:39  Hydralisk x2  
  79  8:43  Drone x4  
  79  8:44  Drone  
  79  8:45  Drone x2  
  86  8:54  Extractor  
  85  8:59  Hydralisk x3  
  91  9:11  Drone x2  
  91  9:12  Drone x3  
  91  9:14  Extractor  
  95  9:25  Drone  
  95  9:26  Spore Crawler  
  95  9:34  Hydralisk  
  95  9:35  Roach, Hydralisk x5  
  95  9:36  Overlord x2  
  95  9:37  Overlord  
  109  9:39  Drone  
  110  9:47  Infestation Pit  
  106  9:59  Hydralisk x3  
  84  10:00  Roach x2  
  88  10:25  Infestation Pit  
  88  10:27  Drone  
  88  10:28  Drone x2  
  86  10:31  Hydralisk  
  86  10:32  Roach x2, Hydralisk x3  
  86  10:33  Roach x2  
  100  10:48  Hydralisk x4  
  100  10:49  Roach  
  90  11:00  Hydralisk  
  90  11:01  Hydralisk x2  
  90  11:02  Zergling x2, Roach x2  
  90  11:16  Hydralisk  
  90  11:17  Roach x2, Hydralisk  
  90  11:18  Roach x2  
  87  11:32  Hydralisk x2  
  76  11:33  Roach x3  
  76  11:49  Spine Crawler  
  76  11:50  Spine Crawler  
  76  11:52  Spine Crawler  
  54  12:01  Hydralisk x4  
  54  12:02  Hydralisk  
  54  12:03  Zergling x2, Roach x2  
  54  12:04  Zergling x4  
  54  12:05  Zergling x2  
  54  12:24  Hydralisk x2  
  54  12:25  Roach x3  
  54  12:26  Roach  
  59  12:43  Drone  
  58  12:57  Drone  
  58  12:58  Drone x2  
  51  13:02  Hatchery  
  50  13:15  Overseer  
  50  13:18  Overseer  
  50  13:23  Pneumatized Carapace  
  50  13:34  Nydus Network  
  50  13:36  Drone  
  50  13:50  Queen  
  52  13:58  Zergling x2  
  52  13:59  Zergling x20  
  63  14:25  Spine Crawler  
  63  14:26  Drone x2, Queen  
  63  14:27  Spore Crawler  
  65  14:36  Roach x2, Hydralisk x4  
  77  14:45  Swarm Host x2  
  83  14:50  Drone  
  84  15:01  Swarm Host x4  
  96  15:22  Drone x2  
  96  15:23  Drone  
  99  15:57  Hydralisk x3  
  99  15:58  Roach x2, Hydralisk x4  
  99  15:59  Roach x4  
  125  16:06  Nydus Canal  
  125  16:11  Swarm Host  
  127  16:18  Extractor  
  127  16:19  Extractor  
  122  16:30  Hatchery  
  122  16:31  Extractor  
  115  16:32  Extractor  
  115  16:33  Drone x2  
  115  16:41  Swarm Host x2  
  120  16:49  Drone x2  
  120  16:50  Drone  
  120  16:52  Drone  
  120  16:53  Drone  
  125  17:00  Evolution Chamber  
  124  17:04  Evolution Chamber  
Tags
 
Add a new tag
Caveats
  • Supply blocks, unpowered buildings, or Contaminate may cause inaccurate times.
  • Supply counts are checked every 10 seconds.